 Dungeon Crawl Stone Soup version 0.27-a0-406-g23f261fbd2 (webtiles) character file.

Game seed: 18396045724267620793

464 rednaxela the Vexing (level 6, 0/28 HPs)
             Began as a Spriggan Enchanter on Feb 22, 2021.
             Was an Initiate of Gozag.
             Slain by a centaur (5 damage)
             ... on level 5 of the Dungeon.
             The game lasted 00:27:59 (7448 turns).

rednaxela the Vexing (Spriggan Enchanter)           Turns: 7448, Time: 00:28:00

Health: 0/28       AC:  2    Str:  4    XL:     6   Next: 80%
Magic:  3/15       EV: 17    Int: 25    God:    Gozag
Gold:   467        SH:  6    Dex: 15    Spells: 7/16 levels left

rFire    . . .     SeeInvis +   a - +1 dagger
rCold    . . .     Faith    .   f - +0 buckler
rNeg     . . .     Spirit   .   b - +0 robe
rPois    .         Reflect  .   (helmet restricted)
rElec    .         Harm     .   (no cloak)
rCorr    .         Rampage  .   (gloves unavailable)
Will     +....                  (boots unavailable)
Stlth    +++.......             (no amulet)
HPRegen  0.09/turn              q - +6 ring of intelligence
MPRegen  0.14/turn              y - ring of wizardry

@: confusing touch, very slightly contaminated, very quick
A: very small, unfitting armour, see invisible, speed 3
a: Renounce Religion, Potion Petition, Call Merchant, Bribe Branch


You were on level 5 of the Dungeon.
You worshipped Gozag.
Gozag was aware of your devotion.
You visited 1 branch of the dungeon, and saw 5 of its levels.

You collected 512 gold pieces.
You paid 45 gold pieces to Gozag.

Inventory:

Hand Weapons
 a - a +1 dagger (weapon)
 j - a +0 short sword
   (You took it off a kobold on level 1 of the Dungeon)
Missiles
 c - 222 stones
 k - 5 curare-tipped darts (quivered)
 p - 4 atropa-tipped darts
Armour
 b - a +0 robe (worn)
 f - a +0 buckler (worn)
   (You found it on level 1 of the Dungeon)
Jewellery
 q - a +6 ring of intelligence (left hand)
   (You found it on level 2 of the Dungeon)
 y - a ring of wizardry (right hand)
   (You found it on level 4 of the Dungeon)
Scrolls
 g - 2 scrolls of fog {!r}
 i - a scroll of enchant weapon
 l - a scroll of fear {!r}
 n - 2 scrolls of teleportation {@r3 !r}
 o - 2 scrolls of amnesia
 v - a scroll of immolation {unknown}
 B - a scroll of magic mapping {@r5 !r}
Potions
 d - a potion of might {@q3 !q}
 h - a potion of ambrosia {unknown}
 m - a potion of attraction {unknown}
 r - 2 potions of brilliance {unknown}
 s - 3 potions of haste {@q4 !q}
 t - 2 potions of curing {unknown}
 u - a potion of lignification {unknown}
 w - a potion of invisibility {unknown}
 z - 2 potions of flight {unknown}
 A - a potion of degeneration {unknown}


   Skills:
 - Level 1.3 Short Blades
 - Level 2.9 Dodging
 - Level 4.6 Stealth
 + Level 2.3 Shields
 - Level 5.6 Spellcasting
 - Level 6.4 Hexes


You had 7 spell levels left.
You knew the following spells:

 Your Spells              Type           Power        Failure   Level
a - Corona                Hex            43%          1%          1
b - Ensorcelled Hibernat  Hex/Ice        46%          1%          2
c - Confusing Touch       Hex            39%          1%          3
d - Tukima's Dance        Hex            39%          1%          3

Your spell library contained the following spells:

 Spells                   Type           Power        Failure   Level
 Dazzling Flash           Conj/Hex       46%          3%          3


Dungeon Overview and Level Annotations

Branches:
Dungeon (5/15)
 Temple: D:4-7

Altars:
Dithmenos
Gozag
Okawaru
Qazlal
Trog

Annotations:
D:4 Menkaure


Innate Abilities, Weirdness & Mutations

You are very small and have problems with some larger weapons.
You are too small for most types of armour.
You have supernaturally acute eyesight. (SInv)
You cover ground extremely quickly.


Message History

You hit the leopard gecko but do no damage.
The leopard gecko barely misses you.
You hit the leopard gecko.
The leopard gecko is heavily wounded.
The leopard gecko closely misses you.
Casting: Ensorcelled Hibernation (safe; 1% risk of failure)
Confirm with . or Enter, or press ? or * to list all spells.
Aiming: Ensorcelled Hibernation (safe; 1% risk of failure)
Press: ? - help, Shift-Dir - straight line, f - leopard gecko
Aim: a leopard gecko (heavily wounded, chance to affect: 70%)
The leopard gecko looks drowsy...
The helpless leopard gecko fails to defend itself.
You puncture the leopard gecko!
You kill the leopard gecko!
You now have 422 gold pieces (gained 12).
You now have 429 gold pieces (gained 7).
You see here a hand axe.
There is an open door here.
There is a stone staircase leading down here.
You now have 444 gold pieces (gained 15).
An adder skeleton comes into view.
You see here a scroll labelled CIWAFOETWUNO.
An adder skeleton is nearby!
Unknown command.
The helpless adder skeleton fails to defend itself.
You puncture the adder skeleton!
You destroy the adder skeleton!
You now have 450 gold pieces (gained 6).
An orc is nearby!
An orc is nearby!
The orc shouts!
A centaur comes into view.
Casting: Ensorcelled Hibernation (safe; 1% risk of failure)
Confirm with . or Enter, or press ? or * to list all spells.
Aiming: Ensorcelled Hibernation (safe; 1% risk of failure)
Press: ? - help, Shift-Dir - straight line, f - orc
Aim: an orc, wielding a +0 short sword (chance to affect: 70%)
The orc looks drowsy...
The helpless orc fails to defend itself.
You puncture the orc!
You kill the orc!
Found a scroll labelled IKLUPPEGIST.
You now have 467 gold pieces (gained 17).
You see here a +0 short sword.
The centaur wields a +0 shortbow.
The centaur shoots an arrow.
You block the arrow.
The centaur shoots an arrow.
The arrow misses you.
Casting: Ensorcelled Hibernation (safe; 1% risk of failure)
Confirm with . or Enter, or press ? or * to list all spells.
Aiming: Ensorcelled Hibernation (safe; 1% risk of failure)
Press: ? - help, Shift-Dir - straight line, f - centaur
Aim: a centaur, wielding a +0 shortbow and quivering arrows (chance to affect: 52%)
The centaur resists with some effort.
The centaur unwields a +0 shortbow.
The centaur barely misses you. You block the centaur's attack.
Casting: Ensorcelled Hibernation (safe; 1% risk of failure)
Confirm with . or Enter, or press ? or * to list all spells.
Aiming: Ensorcelled Hibernation (safe; 1% risk of failure)
Press: ? - help, Shift-Dir - straight line, f/p - centaur
Aim: a centaur, quivering arrows (chance to affect: 52%)
The centaur resists with some effort.
The centaur hits you!
Casting: Ensorcelled Hibernation (safe; 1% risk of failure)
Confirm with . or Enter, or press ? or * to list all spells.
Aiming: Ensorcelled Hibernation (safe; 1% risk of failure)
Press: ? - help, Shift-Dir - straight line, f/p - centaur
Aim: a centaur, quivering arrows (chance to affect: 52%)
The centaur looks drowsy...
The helpless centaur fails to defend itself.
You impale the centaur!!
The centaur is almost dead.
The centaur hits you!
* * * LOW HITPOINT WARNING * * *
You hit the centaur.
The centaur is almost dead.
You block the centaur's attack. The centaur hits you.
* * * LOW HITPOINT WARNING * * *
Casting: Ensorcelled Hibernation (safe; 1% risk of failure)
Confirm with . or Enter, or press ? or * to list all spells.
You miscast Confusing Touch.
You are very lightly contaminated with residual magic.
Nothing appears to happen.
You block the centaur's attack.
Casting: Confusing Touch (safe; 1% risk of failure)
Confirm with . or Enter, or press ? or * to list all spells.
Your hands begin to glow red.
You block the centaur's attack. The centaur hits you.
* * * LOW HITPOINT WARNING * * *
Really quaff
e - a potion of heal wounds {@q2 !q}?
You feel much better. The centaur hits you!
* * * LOW HITPOINT WARNING * * *
You hit the centaur but do no damage.
The centaur is almost dead.
The centaur closely misses you. The centaur misses you.
Okay, then.
You hit the centaur but do no damage.
The centaur is almost dead.
You block the centaur's attack.
You hit the centaur but do no damage.
The centaur is almost dead.
The centaur hits you.
You die...
Your body crumbles into a pile of gold.

#.#
#............#
#............#
#............#
#...........
###...........
.............
#..c....... #.@#
##.##
########..#
........#+######
..?............#
.........).....#
#######........#
#........#.#
#........#.#


You could see a centaur.

Vanquished Creatures
  2 hounds
  Jessica (D:3)
  An iguana (D:5)
  3 worker ants
  A hound skeleton (D:4)
  8 adders
  An ooze (D:1)
  An adder skeleton (D:5)
  6 worms
  3 dart slugs
  4 leopard geckos
  5 orcs
  4 bats
  8 giant cockroaches
  9 goblins
  14 hobgoblins
  11 jackals
  12 kobolds
  4 quokkas
  2 ball pythons
  8 frilled lizards
  10 rats
118 creatures vanquished.

Vanquished Creatures (collateral kills)
  An ogre (D:4)
  3 orcs
4 creatures vanquished.

Grand Total: 122 creatures vanquished

Notes
Turn   | Place    | Note
-------+----------+-------------------------------------------
     0 | D:1      | rednaxela the Spriggan Enchanter began the quest for the
                  | Orb.
     0 | D:1      | Reached XP level 1. HP: 9/9 MP: 5/5
   202 | D:1      | Reached XP level 2. HP: 11/13 MP: 4/6
   216 | D:1      | Reached skill level 3 in Spellcasting
   547 | D:1      | Reached skill level 4 in Hexes
   598 | D:1      | Learned a level 2 spell: Ensorcelled Hibernation
  1024 | D:1      | Reached XP level 3. HP: 16/16 MP: 3/8
  2481 | D:2      | Reached skill level 4 in Spellcasting
  2565 | D:2      | Reached XP level 4. HP: 9/21 MP: 1/11
  2575 | D:2      | Learned a level 3 spell: Confusing Touch
  2579 | D:2      | Learned a level 3 spell: Tukima's Dance
  2980 | D:2      | Reached skill level 5 in Hexes
  3577 | D:2      | Found an opulent altar of Gozag.
  3662 | D:2      | Found an iron altar of Okawaru.
  3878 | D:2      | Reached XP level 5. HP: 24/24 MP: 8/13
  3928 | D:2      | Reached skill level 5 in Spellcasting
  4373 | D:3      | Found a shadowy altar of Dithmenos.
  4626 | D:3      | Noticed Jessica
  4633 | D:3      | Killed Jessica
  4634 | D:3      | Reached skill level 6 in Hexes
  4697 | D:3      | Found a stormy altar of Qazlal.
  4840 | D:2      | Became a worshipper of Gozag Ym Sagoz the Greedy
  5043 | D:3      | Reached XP level 6. HP: 28/28 MP: 10/15
  5761 | D:4      | Reached skill level 1 in Shields
  5866 | D:5      | Entered Level 5 of the Dungeon
  6018 | D:4      | Noticed Menkaure
  7152 | D:5      | Reached skill level 2 in Shields
  7251 | D:5      | Found a bloodstained altar of Trog.
  7448 | D:5      | Slain by a centaur

Illustrated notes

Levels and vault maps discovered:
D:1:      amcnicky_arrival_abandoned_market, layout_basic, minmay_crystal_room,
          hex_intersection
D:2:      minmay_door_path, layout_rooms, lemuel_round_altar,
          grunt_gozag_breadcrumbs, nrook_loot_triangle,
          hangedman_abyss_or_decor_lesser_grid, chequers_serial_rivers_micro_d,
          minivault_23, st_stairs_1
D:3:      layout_basic, nicolae_overflow_hidden_temple, general_overflow_altar,
          uniq_jessica
D:4:      layout_cave_pods, uniq_menkaure
D:5:      layout_basic, trog_butcher_becter

Skill      XL: |  1  2  3  4  5  6 |
---------------+-------------------+-----
Spellcasting   | 3 4 5 |  5.6
Hexes          | 4 5 6 |  6.4
Shields        | 2 |  2.3
Short Blades   | |  1.3
Dodging        | |  2.9
Stealth        | |  4.6

Action                   |  1- 3 |  4- 6 || total
-------------------------+-------+-------++-------
Melee: Dagger            |   126 |   167 ||   293
Throw: Stone             |    16 |       ||    16
 Cast: Corona            |    10 |       ||    10
       Ensorcelled Hiber |    31 |    75 ||   106
       Confusing Touch   |       |     5 ||     5
       Tukima's Dance    |       |     3 ||     3
  Use: Scroll            |     3 |     7 ||    10
       Potion            |     1 |     1 ||     2
 Stab: Sleeping          |    24 |    63 ||    87
       Fleeing           |     1 |       ||     1
       Confused          |       |     3 ||     3
Armor: Robe              |     7 |     9 ||    16
Dodge: Dodged            |   102 |    95 ||   197
Block: Buckler           |       |    12 ||    12

Table legend: (Time is in decaauts)
 A = Elapsed time spent in this place.
 B = Non-inter-level travel time spent in this place.
 C = Inter-level travel time spent in this place.
 D = Time resting spent in this place.
 E = Time spent auto-exploring this place.
 F = Levels seen in this place.
 G = Mean time per level.
                   A        B        C        D        E       F      G
               +--------+--------+--------+--------+--------+-----+--------+
         Total |   5977 |   5775 |    202 |   1779 |   2538 |   5 | 1195.4 |
       Dungeon |   5977 |   5775 |    202 |   1779 |   2538 |   5 | 1195.4 |
               +--------+--------+--------+--------+--------+-----+--------+

Top non-repeatable levels by time:
     D:1: 1912 daAuts
     D:2: 1463 daAuts
     D:4: 1377 daAuts
     D:3: 916 daAuts
     D:5: 307 daAuts
